 Dungeon Crawl Stone Soup version 0.26.1-10-gdfb7c7de75 (webtiles) character file.

Game seed: 10728103427044939677

142 manyhoops the Skirmisher (level 5, -3/50 HPs)
             Began as a Palentonga Transmuter on Apr 3, 2021.
             Slain by a hobgoblin
             ... wielding a +0 club
              (5 damage)
             ... on level 2 of the Dungeon.
             The game lasted 00:04:22 (2990 turns).

manyhoops the Skirmisher (Palentonga Transmuter)    Turns: 2990, Time: 00:04:23

Health: -3/50      AC:  5    Str: 15    XL:     5   Next: 4%
Magic:  8/8        EV: 10    Int: 13    God:
Gold:   40         SH:  0    Dex: 10    Spells: 5/8 levels left

rFire    . . .     SeeInvis +     - Unarmed
rCold    . . .     Faith    .   (no shield)
rNeg     . . .     Spirit   .   a - +1 robe
rPois    .         Reflect  .   (no helmet)
rElec    .         Harm     .   (no cloak)
rCorr    .         Rampage  .   (no gloves)
Will     .....                  (no barding)
Stlth    +.........             (no amulet)
HPRegen  0.16/turn              (no ring)
MPRegen  0.11/turn              (no ring)

@: lethally poisoned (-3 -> -6)
A: large, rugged brown scales 3, see invisible, deformed body, roll 1, armoured
tail
a: Rolling Charge


You were on level 2 of the Dungeon.
You visited 1 branch of the dungeon, and saw 2 of its levels.

You collected 40 gold pieces.

Inventory:

Armour
 a - a +1 robe (worn)
Scrolls
 c - a scroll of amnesia
 d - a scroll of immolation
 e - a scroll of noise
 g - a scroll of magic mapping
Potions
 f - a potion of cancellation


   Skills:
 + Level 4.6 Fighting
 - Level 1.5 Dodging
 - Level 3.4 Unarmed Combat
 - Level 2.0 Spellcasting
 - Level 2.0 Transmutations


You had 5 spell levels left.
You knew the following spells:

 Your Spells              Type           Power        Failure   Level
a - Beastly Appendage     Tmut           12%          11%         1
b - Wereblood             Tmut           6%           17%         2

Your spell library contained the following spells:

 Spells                   Type           Power        Failure   Level
 Spider Form              Tmut/Pois      1%           45%         3
 Ice Form                 Ice/Tmut       3%           86%         4
 Blade Hands              Tmut           3%           97%         5


Dungeon Overview and Level Annotations

Branches:
Dungeon (2/15)

Altars:


Innate Abilities, Weirdness & Mutations

You are completely covered in rugged brown scales. (AC +3, +7% HP)
You have supernaturally acute eyesight. (SInv)
Armour fits poorly on your strangely shaped body.
You can roll at nearby foes to attack.
You have a long armoured tail.


Message History

You feel sick. The hobgoblin hits you with a +0 club.
* * * LOW HITPOINT WARNING * * *
You have reached level 5!
Okay, then.
Okay, then.
* * * LOW HITPOINT WARNING * * *
You feel sick.
You see here a scroll labelled PUNEIGI YROLUFUCH.
g - 2 scrolls labelled PUNEIGI YROLUFUCH (gained 1)
* * * LOW HITPOINT WARNING * * *
You feel sick. The hobgoblin barely misses you.
As you read the scroll labelled PUNEIGI YROLUFUCH, it crumbles to dust.
You feel aware of your surroundings.
It was a scroll of magic mapping.
The hobgoblin barely misses you.
As you read the scroll labelled BEAHUR PISS, it crumbles to dust.
It is a scroll of enchant armour.
Your +0 robe glows green for a moment.
* * * LOW HITPOINT WARNING * * *
You feel sick. The hobgoblin hits you with a +0 club.
You die...

#............... #.###.).......##
#.# #.........#< ##########.#
#######..... #..........# #.....
#.########## #..... #.# #.....
***######.##################.....
,,..............@......?.........
**#######.#...###g..##########.##
,≈≈≈≈≈,.......+)...............[.
*≈***≈.##.#..)###...##########...
*≈≈≈≈≈**#.#...# #.†.# ###########
*≈≈#≈≈,,..#...# #...# #.......#
*≈≈#≈≈,####...# #...# #.#####.#
*≈≈*≈≈,* #...# #...# #.# #.#
,≈≈≈≈≈,* ***** ##### #.# ###.###


You could see a hobgoblin.

Vanquished Creatures
  Jessica (D:2)
  4 adders (D:2)
  3 gnolls (D:2)
  2 worms (D:2)
  3 leopard geckos
  A giant cockroach (D:2)
  4 goblins
  8 hobgoblins
  5 bats
  A frilled lizard (D:2)
  5 kobolds
  9 rats
46 creatures vanquished.

Notes
Turn   | Place    | Note
-------+----------+-------------------------------------------
     0 | D:1      | manyhoops the Palentonga Transmuter began the quest for the
                  | Orb.
     0 | D:1      | Reached XP level 1. HP: 17/17 MP: 3/3
   383 | D:1      | Reached XP level 2. HP: 12/24 MP: 5/5
   669 | D:1      | Reached skill level 2 in Fighting
  1258 | D:2      | HP: 1/26 [adder (2)]
  1270 | D:2      | Reached XP level 3. HP: 6/32 MP: 6/6
  1291 | D:2      | HP: 1/32 [poisoned by an adder]
  1839 | D:2      | Noticed Jessica
  1844 | D:2      | Killed Jessica
  1845 | D:2      | Reached skill level 3 in Fighting
  1845 | D:2      | Reached XP level 4. HP: 40/40 MP: 5/7
  1940 | D:1      | Learned a level 2 spell: Wereblood
  2483 | D:2      | Reached skill level 4 in Fighting
  2985 | D:2      | Reached XP level 5. HP: 4/50 MP: 8/8
  2990 | D:2      | HP: 2/50 [poisoned by an adder]
  2990 | D:2      | Slain by a hobgoblin

Illustrated notes

Levels and vault maps discovered:
D:1:      minmay_arrival_loop, layout_basic, minmay_tetromino_i2
D:2:      layout_basic, minmay_crystal_water, uniq_jessica

Skill      XL: |  1  2  3  4 |
---------------+-------------+-----
Fighting       | 2 3 4 |  4.6
Dodging        | |  1.5
Unarmed Combat | |  3.4
Spellcasting   | |  2.0
Transmutations | |  2.0

Action                   |  1- 3 |  4- 6 || total
-------------------------+-------+-------++-------
Melee: Unarmed           |   128 |    65 ||   193
       Tailslap          |     7 |     7 ||    14
       Kick              |     8 |     8 ||    16
       Punch             |     1 |       ||     1
       Headbutt          |     3 |     1 ||     4
 Cast: Beastly Appendage |    11 |     7 ||    18
 Abil: Rolling Charge    |     1 |     3 ||     4
  Use: Scroll            |     3 |     4 ||     7
       Potion            |     1 |       ||     1
 Stab: Sleeping          |     1 |       ||     1
Armor: Robe              |    62 |    17 ||    79
Dodge: Dodged            |    86 |    32 ||   118
